 Dungeon Crawl Stone Soup version 0.29.0-11-gd7f09526c8 (webtiles) character file.

Game seed: 12901178204717012654

65180 SnakkuSnakku7 the Basher (level 15, -6/115 HPs)
             Began as a Human Delver on Sept 7, 2022.
             Was a Believer of Yredelemnul.
             Shot with a bolt by an orc warrior (17 damage)
             ... on level 2 of the Orcish Mines.
             The game lasted 00:44:43 (33315 turns).

SnakkuSnakku7 the Basher (Human Delver)            Turns: 33315, Time: 00:44:45

Health: -6/115     AC: 21    Str: 16    XL:     15   Next: 57%
Magic:  22/22      EV: 13    Int: 12    God:    Yredelemnul [**....]
Gold:   1307       SH:  0    Dex: 17    Spells: 14/14 levels left

rFire   + . .      SeeInvis +   a - +8 frozen axe "Frostbite" {freezing cloud, *Noise Fly rC+}
rCold   + . .      Faith    .   (shield currently unavailable)
rNeg    . . .      Spirit   .   i - +2 plate armour {rF+}
rPois   .          Reflect  .   G - +2 helmet {SInv}
rElec   .          Harm     .   s - +0 cloak
rCorr   .          Rampage  .   (no gloves)
Will    +....                   (no boots)
Stlth   ..........              (no amulet)
HPRegen 0.29/turn               d - +4 ring of slaying
MPRegen 0.18/turn               y - +4 ring of evasion

@: lethally poisoned (-6 -> -25), marked, flying
A: no striking features
a: Renounce Religion, Recall Undead Harvest, Dark Bargain


You were on level 2 of the Orcish Mines.
You worshipped Yredelemnul.
Yredelemnul was aware of your devotion.
You visited 3 branches of the dungeon, and saw 20 of its levels.
You also visited: Volcano.

You collected 2548 gold pieces.
You spent 1241 gold pieces at shops.

Inventory:

Hand Weapons
 a - the +8 frozen axe "Frostbite" (weapon) {freezing cloud, *Noise Fly rC+}
   (You found it on level 5 of the Lair of Beasts)

   It freezes those it strikes, dealing additional cold damage.
   It can also slow down cold-blooded creatures.
   It occasionally leaves clouds of freezing vapour upon striking a foe.
   It grants immunity to clouds of freezing vapour.
   rC:        It protects you from cold.
   Fly:       It grants you flight.
   *Noise:    It may make noises in combat.
 b - a +2 whip of venom
 R - a +1 dire flail of draining
Missiles
 t - 4 javelins
 v - 51 poisoned darts (quivered)
Armour
 i - a +2 plate armour of fire resistance (worn)
 m - the +4 leather armour "Emayfos" {Will+ Int+2}
   (You found it on level 6 of the Dungeon)

   Int:       It affects your intelligence (+2).
   Will:      It increases your willpower.
 s - a +0 cloak (worn)
 G - a +2 helmet of see invisible (worn)
 I - a +0 kite shield
 S - the -2 hat of the Alchemist {rElec rPois rF+ rC+ rN+ Will+ rMut rCorr}
   (You found it on level 5 of the Lair of Beasts)

   rF:        It protects you from fire.
   rC:        It protects you from cold.
   rElec:     It insulates you from electricity.
   rPois:     It protects you from poison.
   rN:        It protects you from negative energy.
   rCorr:     It protects you from acid and corrosion.
   rMut:      It protects you from mutation.
   Will:      It increases your willpower.
Jewellery
 d - a +4 ring of slaying (left hand)
 k - a +6 ring of intelligence
 u - a ring of magical power
 y - a +4 ring of evasion (right hand)
 C - a ring of protection from fire
 L - a ring of ice
 P - an amulet of the acrobat
 T - a ring of poison resistance
 U - a ring of positive energy
Wands
 g - a wand of digging (1)
 A - a wand of roots (7)
 E - a wand of polymorph (25)
 K - a wand of acid (20)
 M - a wand of flame (16)
 O - a wand of charming (10)
 V - a wand of mindburst (7)
Scrolls
 c - 6 scrolls of fog
 n - 7 scrolls of teleportation
 q - 3 scrolls of immolation
 r - 3 scrolls of vulnerability
 w - 5 scrolls of amnesia
 z - 5 scrolls of blinking
 B - 2 scrolls of brand weapon
 D - 9 scrolls of identify
 F - 2 scrolls of silence
 N - a scroll of magic mapping
 Q - a scroll of summoning
Potions
 e - a potion of invisibility
 f - 2 potions of haste
 h - a potion of magic
 j - a potion of might
 l - 8 potions of curing
 o - 2 potions of cancellation
 p - a potion of lignification
 x - 2 potions of mutation
 H - 6 potions of flight
 J - 2 potions of resistance


   Skills:
 - Level 10.0 Fighting
 - Level 3.1 Long Blades
 + Level 8.4(12.3) Axes
 - Level 14.0(14.8) Maces & Flails
 - Level 2.0(5.6) Polearms
 - Level 3.0 Throwing
 - Level 10.0 Armour
 - Level 10.0 Dodging
 - Level 5.0 Stealth
 - Level 10.0 Invocations
 - Level 8.3 Evocations


You had 14 spell levels left.
You didn't know any spells.
Your spell library contained the following spells:

 Spells                   Type           Power      Damage    Failure   Level
 Foxfire                  Conj/Fire      0%         2x1d4     100%        1
 Freeze                   Ice            0%         1d3       100%        1
 Magic Dart               Conj           0%         1d3       100%        1
 Slow                     Hex            0%         N/A       100%        1
 Searing Ray              Conj           0%         2d4       100%        2
 Confusing Touch          Hex            0%         N/A       100%        3
 Conjure Flame            Conj/Fire      0%         6-21      100%        3
 Frozen Ramparts          Ice            0%         1d1       100%        3
 Gell's Gravitas          Tloc           0%         N/A       100%        3
 Ignite Poison            Fire/Tmut/Pois 0%         N/A       100%        3
 Inner Flame              Hex/Fire       0%         N/A       100%        3
 Mephitic Cloud           Conj/Pois/Air  0%         N/A       100%        3
 Teleport Other           Tloc           0%         N/A       100%        3
 Tukima's Dance           Hex            0%         N/A       100%        3
 Vampiric Draining        Necr           0%         2d6       100%        3
 Corpse Rot               Necr/Pois/Air  0%         N/A       100%        4
 Dispel Undead            Necr           0%         3d6       100%        4
 Flame Wave               Conj/Fire      0%         2d4       100%        4
 Fulminant Prism          Conj/Hex       0%         3d6       100%        4
 Hailstorm                Conj/Ice       0%         3d3       100%        4
 Ice Form                 Ice/Tmut       0%         N/A       100%        4
 Iskenderun's Mystic Bla  Conj/Tloc      0%         2d3       100%        4
 Olgreb's Toxic Radiance  Pois           0%         N/A       100%        4
 Passage of Golubria      Tloc           0%         N/A       100%        4
 Borgnjor's Vile Clutch   Necr/Erth      0%         N/A       100%        5
 Freezing Cloud           Conj/Ice/Air   0%         6-21      100%        5
 Irradiate                Conj/Tmut      0%         3d11      100%        5
 Lee's Rapid Deconstruct  Erth           0%         3d5*      100%        5
 Yara's Violent Unravell  Hex/Tmut       0%         3d3       100%        5
 Dispersal                Tloc           0%         N/A       100%        6
 Ozocubu's Refrigeration  Ice            0%         4d7       100%        7
 Ignition                 Fire           0%         3d3       100%        8
 Animate Dead             Necr           Unusable   N/A       N/A         4
 Death Channel            Necr           Unusable   N/A       N/A         6
 Simulacrum               Ice/Necr       Unusable   N/A       N/A         6

Dungeon Overview and Level Annotations

Branches:
Dungeon (13/15)            Temple (0/1) D:4            Lair (5/5) D:10
 Shoals (0/4) Lair:3        Snake (0/4) Lair:3        Slime (0/5) Lair:5
    Orc (2/2) D:9         Volcano (visited)
    Elf: Orc:2       Vaults: D:13-14

Altars:
Cheibriados
Dithmenos
Elyvilon
Fedhas
Gozag
Hepliaklqana
Makhleb
Okawaru
Uskayaw
Vehumet
Wu Jian
Xom
Yredelemnul
The Shining One
Jiyva

Shops:
D:6 =   D:9 (*

Portals:
Trove: D:11 (give 8 scrolls of fear)


Message History

An orc comes into view. It is wielding a +0 flail.
The orc priest completely misses you.
The orc warrior shoots a bolt.
The bolt hits you but does no damage.
Your orc warrior zombie hits the ogre but does no damage.
You can no longer trade souls for undead servants.
Unknown command.
Unknown command.
You feel much better.
The grasping roots constrict the orc!
You kill the orc!
The grasping roots constrict Nessos!
You kill Nessos!
You feel extremely sick.
Your warg zombie bites the orc.
The dead are walking!
The orc priest misses you. The orc closely misses you. x2
The orc hits your warg zombie with a +0 falchion.
The orc hits Nessos but does no damage.
The orc warrior shoots a bolt.
The bolt hits your orc zombie!!
Your orc zombie is destroyed!
The ogre hits you with a +0 giant spiked club.
* * * LOW HITPOINT WARNING * * *
You can now trade souls for undead servants.
Unknown command.
Unknown command.
Okay, then.
Okay, then.
An orc and an orc priest come into view.
The orc is carrying a wand of charming (6).
* * * LOW HITPOINT WARNING * * *
You feel very sick.
Your orc warrior zombie hits the ogre.
Your warg zombie closely misses the orc.
The orc warrior hits you with a +0 flail.
* * * LOW HITPOINT WARNING * * *
The orc priest mumbles some strange prayers to Beogh against you.
Beogh smites you!
* * * LOW HITPOINT WARNING * * *
The orc hits your warg zombie with a +0 falchion!
The orc hits Nessos.
The orc warrior shoots a bolt.
The bolt hits you!
You die...
Your body rises from the dead as a mindless zombie.

............o
$.##.............
....#......).oo..
.....#.....)oZo..
..........oZ.....
...........).....
.......o.........
#...o..o@.Z......
.##..oo.........
......O.)()......
.......Z)))......
.................
^................
...#.............
..##.............
.................


You could see 2 orc warriors, an ogre, 2 orc priests, 7 orcs, a friendly warg
zombie, a friendly orc warrior zombie, a friendly orc priest zombie and the
friendly Nessos the centaur zombie.

Vanquished Creatures
  Nessos (Orc:2)
  A red draconian (Volcano)
  5 hydras
  A boulder beetle (D:13)
  3 two-headed ogres
  A salamander mystic (Volcano)
  3 orc knights
  An oklob plant (Lair:5)
  2 manticores
  4 salamanders (Volcano)
  5 cyclopes
  Maurice (Orc:1)
  A torpor snail (Lair:4)
  8 black mambas
  11 cane toads
  2 gargoyles
  A kobold demonologist (D:10)
  3 rime drakes (Lair:4)
  7 komodo dragons
  3 unseen horrors
  A queen bee (Volcano)
  2 tyrant leeches (Lair:5)
  A polar bear (Lair:2)
  4 trolls
  16 blink frogs
  3 hornets
  3 dream sheep (Lair:5)
  2 slime creatures (D:12)
  9 wyverns
  5 fire bats (Volcano)
  A wraith (D:10)
  2 vampires (D:10)
  43 yaks
  6 basilisks (Lair:4)
  The ghost of Adrian566 the Trooper, an amateur DsFi (D:3)
  7 vampire mosquitoes
  2 steam dragons
  3 wargs
  3 nagas (Lair:3)
  An acid dragon (D:12)
  13 orc warriors
  8 water moccasins
  A sky beast (D:7)
  4 black bears
  An ogre (Orc:2)
  8 wolves
  4 centaurs
  2 phantoms (D:5)
  3 kobold brigands
  13 bullfrogs
  2 scorpions
  A gnoll sergeant (D:10)
  4 wights
  8 killer bees
  An electric eel (Lair:5)
  A howler monkey (D:7)
  5 lava snakes (Volcano)
  5 crimson imps
  2 jellies
  5 orc priests
  4 hounds
  2 gnoll boudas
  16 orc wizards
  6 iguanas
  3 hell rats (Lair:4)
  6 gnolls
  A spectral crimson imp (D:12)
  7 adders
  2 shadow imps
  2 worms
  2 dart slugs
  41 orcs
  4 ball pythons
  6 bats
  7 endoplasms
  A giant cockroach (D:1)
  11 goblins
  6 hobgoblins
  5 jackals
  14 kobolds
  3 quokkas
  3 frilled lizards
  8 rats
  A spectral hobgoblin (D:10)
431 creatures vanquished.

Vanquished Creatures (collateral kills)
  A catoblepas (Lair:5)
  5 hydras
  A centaur warrior (D:13)
  A goliath frog (Lair:5)
  An orc sorcerer (Orc:1)
  A manticore (D:10)
  A gargoyle (D:10)
  10 cane toads
  A rime drake (Lair:4)
  2 komodo dragons (Lair:5)
  A tyrant leech (Lair:5)
  A troll (D:12)
  A slime creature (D:12)
  8 blink frogs
  3 dream sheep (Lair:5)
  3 shadows (D:10)
  A wraith (D:7)
  6 yaks
  A vampire (D:10)
  3 wyverns
  A fire bat (Volcano)
  2 basilisks
  2 vampire mosquitoes (Lair:5)
  A naga (Lair:3)
  A hell hound (Lair:4)
  3 water moccasins
  A black bear (Lair:1)
  4 wolves (Lair:3)
  4 centaurs
  6 bullfrogs
  A killer bee (D:9)
  3 electric eels (D:11)
  A howler monkey (D:7)
  A hound (D:7)
  Crazy Yiuf (D:6)
  An orc wizard (D:7)
  3 hell rats (Lair:4)
  A gnoll (D:6)
  15 orcs
104 creatures vanquished.

Vanquished Creatures (others)
  2 unseen horror zombies
  A black mamba zombie (Lair:1)
  2 fire bat zombies (Volcano)
  6 cane toad zombies
  A hornet zombie (D:10)
  A black bear (Lair:3)
  6 blink frog zombies
  5 vampire mosquito zombies
  3 salamander zombies (Volcano)
  4 wyvern zombies (Lair:4)
  A cyclops zombie (Orc:2)
  2 water moccasin zombies
  A troll zombie (D:12)
  13 yak zombies
  A queen bee zombie (Volcano)
  A wolf zombie (Lair:3)
  4 centaur zombies (Lair:4)
  5 basilisk zombies (Lair:4)
  5 bullfrog zombies
  2 scorpion zombies
  An orc wizard (D:10)
  A killer bee zombie (D:7)
  An ogre zombie (Orc:2)
  A naga zombie (Lair:3)
  A hound zombie (D:6)
  A spectral crimson imp (D:12)
  3 hell rat zombies (Lair:4)
  A steam dragon zombie (D:10)
  2 iguana zombies (D:6)
  2 lava snake zombies (Volcano)
  A spectral shadow imp (D:6)
  An orc (Orc:1)
  5 gnoll zombies
  3 kobold zombies
  25 orc zombies
  61 fungi
  136 plants
312 creatures vanquished.

Grand Total: 847 creatures vanquished

Notes
Turn   | Place    | Note
-------+----------+-------------------------------------------
     0 | D:5      | SnakkuSnakku7 the Human Delver began the quest for the Orb.
     0 | D:5      | Reached XP level 1. HP: 18/18 MP: 1/1
    12 | D:5      | Noticed a hound
   106 | D:4      | Noticed an iguana
   281 | D:3      | Found a runed translucent gate.
   282 | D:3      | Found a runed translucent gate.
   298 | D:3      | Found a runed translucent gate.
   302 | D:3      | Noticed Adrian566's ghost (amateur DsFi)
   317 | D:3      | Reached skill level 1 in Long Blades
   317 | D:3      | Reached XP level 2. HP: 14/24 MP: 2/2
   684 | D:1      | Reached XP level 3. HP: 29/29 MP: 3/3
  1769 | D:2      | Reached XP level 4. HP: 35/35 MP: 4/4
  2074 | D:2      | Found a hide-covered altar of Uskayaw.
  2136 | D:2      | Found a faded altar of an unknown god.
  3128 | D:3      | Reached skill level 1 in Throwing
  3422 | D:4      | Reached skill level 1 in Maces & Flails
  3422 | D:4      | Reached XP level 5. HP: 24/41 MP: 5/5
  3686 | D:4      | Noticed a black bear
  3697 | D:4      | Killed a black bear
  3698 | D:4      | Reached skill level 2 in Maces & Flails
  3698 | D:4      | Reached XP level 6. HP: 32/47 MP: 6/6
  3822 | D:4      | Noticed a black bear
  3831 | D:4      | Killed a black bear
  3832 | D:4      | Reached skill level 3 in Maces & Flails
  3926 | D:4      | Found a basalt altar of Yredelemnul.
  4184 | D:4      | Became a worshipper of Yredelemnul the Dark
  4256 | D:4      | Found an opulent altar of Gozag.
  4324 | D:4      | Reached skill level 4 in Maces & Flails
  4324 | D:4      | Reached XP level 7. HP: 37/52 MP: 7/7
  4329 | D:4      | Identified the ring "Marphicy" {Fire rPois Will- Str-4
                  | Int+9}
  4456 | D:4      | Reached * piety under Yredelemnul
  4743 | D:4      | Reached ** piety under Yredelemnul
  4747 | D:4      | Found a staircase to the Ecumenical Temple.
  4758 | D:4      | Got the Tome of the Hurtful Birds
  5011 | D:5      | Reached skill level 5 in Maces & Flails
  5183 | D:5      | Found a glowing golden altar of the Shining One.
  5183 | D:5      | Found a shadowy altar of Dithmenos.
  5189 | D:5      | Found a snail-covered altar of Cheibriados.
  5192 | D:5      | Found a hide-covered altar of Uskayaw.
  5479 | D:5      | Found an ornate altar of the Wu Jian Council.
  5510 | D:5      | Found a burning altar of Makhleb.
  5510 | D:5      | Found a shimmering altar of Xom.
  5518 | D:5      | Reached skill level 6 in Maces & Flails
  5878 | D:6      | Reached XP level 8. HP: 29/58 MP: 8/8
  6106 | D:6      | Reached skill level 7 in Maces & Flails
  6400 | D:6      | Identified the +4 leather armour "Emayfos" {Will+ Int+2}
  6530 | D:6      | Noticed a yak
  6533 | D:6      | Noticed a yak
  6534 | D:6      | Noticed a yak
  6558 | D:6      | Noticed a yak
  6566 | D:6      | Noticed a yak
  6584 | D:5      | Killed a yak
  6585 | D:5      | Reached skill level 8 in Maces & Flails
  7151 | D:5      | Killed a yak
  7266 | D:6      | Reached skill level 9 in Maces & Flails
  7308 | D:6      | Reached XP level 9. HP: 41/64 MP: 9/9
  7763 | D:5      | Reached skill level 10 in Maces & Flails
  8122 | D:6      | Found Rasyeniss's Jewellery Shop.
  8322 | D:6      | Found a runed translucent door.
  8323 | D:6      | Noticed Crazy Yiuf
  8336 | D:6      | Killed Crazy Yiuf
  8540 | D:7      | Reached skill level 11 in Maces & Flails
  8999 | D:7      | Reached XP level 10. HP: 67/70 MP: 10/10
  9060 | D:7      | Reached skill level 12 in Maces & Flails
  9693 | D:8      | Reached skill level 5 in Fighting
 10172 | D:9      | Noticed a cyclops
 10173 | D:9      | Noticed a cyclops
 10270 | D:9      | Killed a cyclops
 10513 | D:9      | Killed a cyclops
 10616 | D:9      | Found a staircase to the Orcish Mines.
 10617 | D:9      | Found Jiri's Assorted Antiques.
 10618 | D:9      | Found Mogo's Weapon Emporium.
 10863 | D:9      | Bought a shiny helmet for 255 gold pieces
 10863 | D:9      | Bought a metallic amethyst potion for 30 gold pieces
 10863 | D:9      | Bought a metallic amethyst potion for 30 gold pieces
 10863 | D:9      | Bought a scroll labelled SAGHUBBACUGI for 34 gold pieces
 10863 | D:9      | Bought a scroll labelled EHUDGH REAKIDO for 34 gold pieces
 10997 | D:9      | Noticed a two-headed ogre
 11090 | D:9      | Killed a two-headed ogre
 11145 | D:9      | Found a radiant altar of Vehumet.
 11345 | D:9      | Reached XP level 11. HP: 45/89 MP: 11/11
 11657 | D:9      | Reached skill level 10 in Fighting
 12008 | D:10     | Entered Level 10 of the Dungeon
 12822 | D:10     | Found a white marble altar of Elyvilon.
 12827 | D:10     | Found a blossoming altar of Fedhas.
 12934 | D:10     | Noticed a two-headed ogre
 12961 | D:10     | Killed a two-headed ogre
 12961 | D:10     | Reached *** piety under Yredelemnul
 12962 | D:10     | Reached skill level 5 in Dodging
 13499 | D:10     | Found an iron altar of Okawaru.
 13576 | D:10     | Noticed a manticore
 13594 | D:10     | Paralysed by a hornet for 3 turns
 13598 | D:10     | Noticed a deep elf pyromancer
 13971 | D:10     | Found a hazy altar of Hepliaklqana.
 14835 | Orc:1    | Entered Level 1 of the Orcish Mines
 14835 | Orc:1    | Noticed an orc knight
 14850 | Orc:1    | Noticed an orc sorcerer
 14857 | Orc:1    | Identified the +1 ring mail of the End {rCorr Str+6}
 14969 | Orc:1    | Paralysed by an orc sorcerer for 5 turns
 14978 | Orc:1    | Killed an orc sorcerer
 14995 | Orc:1    | Found a dark tunnel.
 15003 | Volcano  | Entered a volcano
 15729 | Volcano  | Noticed a salamander
 15732 | Volcano  | Noticed a red draconian
 15762 | Volcano  | Killed a salamander
 15763 | Volcano  | Reached XP level 12. HP: 18/97 MP: 12/12
 16098 | Volcano  | Noticed a salamander mystic
 16099 | Volcano  | Found a radiant altar of Vehumet.
 16132 | Volcano  | Killed a salamander mystic
 16142 | Volcano  | Reached skill level 10 in Dodging
 16142 | Volcano  | Reached skill level 1 in Invocations
 17020 | Volcano  | Killed a red draconian
 17021 | Volcano  | Reached skill level 5 in Invocations
 17149 | Orc:1    | Noticed Maurice
 18618 | D:10     | Found a staircase to the Lair.
 19319 | D:9      | HP: 3/97 [orc knight/+0 long sword (17)]
 20388 | Lair:1   | Entered Level 1 of the Lair of Beasts
 20742 | D:10     | Acquired 727 gold pieces
 20908 | D:6      | Bought a +4 ring of slaying for 858 gold pieces
 21028 | Lair:1   | Noticed an eight-headed hydra
 21045 | Lair:1   | Killed an eight-headed hydra
 21046 | Lair:1   | Reached skill level 10 in Invocations
 21046 | Lair:1   | Reached XP level 13. HP: 93/103 MP: 20/20
 21937 | Lair:1   | Reached skill level 13 in Maces & Flails
 23043 | Lair:2   | Reached skill level 14 in Maces & Flails
 23428 | Lair:2   | Reached skill level 1 in Armour
 24199 | Lair:3   | Noticed a five-headed hydra
 24207 | Lair:3   | Killed a five-headed hydra
 24218 | Lair:3   | Found a staircase to the Snake Pit.
 24224 | Lair:3   | Reached **** piety under Yredelemnul
 24233 | Lair:3   | Reached ***** piety under Yredelemnul
 24591 | Lair:3   | Found a staircase to the Shoals.
 24855 | Lair:3   | Reached ****** piety under Yredelemnul
 25008 | Lair:3   | Reached skill level 5 in Armour
 25719 | Lair:4   | Reached XP level 14. HP: 110/110 MP: 21/21
 25845 | Lair:4   | Found a hide-covered altar of Uskayaw.
 27091 | Lair:5   | Entered Level 5 of the Lair of Beasts
 27818 | Lair:5   | Reached skill level 10 in Armour
 27936 | Lair:5   | Reached skill level 1 in Evocations
 28374 | Lair:5   | Reached skill level 5 in Evocations
 29131 | Lair:5   | Found the -2 hat of the Alchemist {rElec rPois rF+ rC+ rN+
                  | Will+ rMut rCorr}
 29131 | Lair:5   | Found the +8 frozen axe "Frostbite" {freezing cloud, *Noise
                  | Fly rC+}
 29177 | Lair:5   | Identified the +4 double sword of Wurr {drain, +Blink rPois
                  | Will+ SInv}
 29182 | Lair:5   | Identified the +3 mace of Dishonour {holy, rElec rC+}
 29468 | Lair:5   | Reached XP level 15. HP: 87/115 MP: 22/22
 29696 | Lair:5   | Reached skill level 1 in Axes
 29827 | Lair:5   | Found a viscous altar of Jiyva.
 29827 | Lair:5   | Found a staircase to the Slime Pits.
 30272 | D:3      | Killed Adrian566's ghost
 30669 | D:11     | Found a portal to a secret trove of treasure.
 30954 | D:12     | You are sucked into a shaft and drop 1 floor!
 31096 | D:13     | Reached skill level 5 in Axes
 31687 | D:12     | Found a shimmering altar of Xom.
 32585 | Orc:1    | Killed Maurice
 33288 | Orc:2    | Entered Level 2 of the Orcish Mines
 33300 | Orc:2    | Noticed Nessos
 33314 | Orc:2    | Killed Nessos
 33315 | Orc:2    | Shot with a bolt by an orc warrior

Illustrated notes

Levels and vault maps discovered:
D:1:      lightli_arrival_boilingwater, layout_basic, st_stairs_9,
          minmay_tromino_v2
D:2:      layout_basic, basic_altar, ebering_ecumenical_altar_hall,
          minmay_misc_feat_rugged, corexii_item_surrounded_by_moat
D:3:      layout_loops_corners, gammafunk_ghost_split, grunt_ministairs_13,
          serial_park_tiny_1, st_stairs_12
D:4:      layout_loops_corners, mainiacjoe_overflow_alcove_1,
          mainiacjoe_overflow_surrounded_room, minmay_temple_entry_poolview,
          kennysheep_small_square
D:5:      layout_basic, grunt_temple_overflow_champion_of_chaos,
          general_overflow_altar, grunt_temple_overflow_cloverleaf
D:6:      layout_layer_cave, serial_shops, shop_statue, uniq_crazy_yiuf_cottage
D:7:      layout_rooms, minmay_misc_feat_alley
D:8:      layout_cave_pools
D:9:      kennysheep_big_flooded_room, layout_grid_maze, vehumet_crystals,
          orc_david_3, serial_shops, nicolae_shop_crystal
D:10:     minmay_quarter_circles, layout_layer_cave,
          nicolae_hepliaklqana_monster_ancestors, mainiacjoe_overflow_big_doors,
          okawaru_trees_2, erik_lair_orcish_takeover
D:11:     layout_big_octagon, nicolae_trove_entry_free_sample
D:12:     layout_cave_pools, serial_rivers, chequers_serial_rivers_large_a,
          chequers_serial_rivers_micro_e, chequers_serial_rivers_micro_a,
          chequers_serial_rivers_room_b, chequers_serial_rivers_small_a,
          chequers_serial_rivers_marsh, led_xom_imps
D:13:     layout_irregular_city
Lair:1:   layout_roguey, st_stairs_9, serial_bayou_crossing
Lair:2:   layout_cave_pods
Lair:3:   layout_small_grid, elwin_shoals_entry_rocks,
          minmay_snake_entry_guardpost_small, nicolae_quartered_pool_little,
          serial_bayou_shore_b
Lair:4:   layout_cave_shapes, special_room [special_room_mythical_zoo],
          lemuel_centaur_altar
Lair:5:   minmay_lair_end_frog_pond, layout_gridlike, dpeg_slime_entry_enclosed
Orc:1:    layout_caves, serial_shops, shop, enter_volcano_1, minmay_orc_keep,
          uniq_maurice
Orc:2:    st_orc_pillars, layout_caves, hangedman_minor_magic, uniq_nessos

Skill      XL: |  1  2  3  4  5  6  7  8  9 10 11 12 13 14 15 |
---------------+----------------------------------------------+-----
Long Blades    | 1 2 3 |  3.1
Throwing       | 1 2 3 |  3.0
Maces & Flails | 1 2 4 6 9 11 12 14 | 14.0
Fighting       | 9 10 | 10.0
Dodging        | 9 10 | 10.0
Invocations    | 10 | 10.0
Armour         | 7 10 | 10.0
Evocations     | 8 |  8.3
Axes           | 8 |  8.4
Polearms       | |  2.0
Stealth        | |  5.0

Action                   |  1- 3 |  4- 6 |  7- 9 | 10-12 | 13-15 || total
-------------------------+-------+-------+-------+-------+-------++-------
Melee: Long sword        |    71 |    24 |       |       |       ||    95
       Spear             |     7 |       |       |       |       ||     7
       Whip              |       |    89 |   373 |  1131 |       ||  1593
       Punch             |       |     1 |    10 |    26 |       ||    37
       Unarmed           |       |       |       |    21 |       ||    21
       Dire flail        |       |       |       |     9 |   621 ||   630
       Executioner's axe |       |       |       |       |   120 ||   120
Throw: Javelin           |       |       |       |    10 |       ||    10
       Dart              |       |       |       |    13 |       ||    13
Invok: Recall Undead Har |       |       |       |       |     1 ||     1
Evoke: Wand              |       |       |       |    10 |     2 ||    12
  Use: Scroll            |     1 |     5 |       |    18 |     7 ||    31
       Potion            |       |       |       |    12 |     3 ||    15
 Stab: Sleeping          |     2 |     4 |     7 |     2 |       ||    15
       Distracted        |       |       |     3 |     7 |    15 ||    25
Armor: Leather armour    |    13 |       |    27 |   121 |       ||   161
       Scale mail        |    14 |    73 |    47 |       |       ||   134
       Plate armour      |       |       |       |    85 |   345 ||   430
       Skin              |       |       |       |    37 |     4 ||    41
Dodge: Dodged            |    51 |    72 |   170 |   545 |   426 ||  1264
